 Dungeon Crawl Stone Soup version 0.23.2-40-g277498a001 (webtiles) character file.

Game seed: 17240005855728330522

5172 Amplified the Fighter (level 10, -5/89 HPs)
             Began as a Yellow Draconian Fire Elementalist on Oct 14, 2019.
             Was a Follower of Vehumet.
             Slain by a wyvern (17 damage)
             ... on level 9 of the Dungeon.
             The game lasted 00:17:03 (9386 turns).

Amplified the Fighter (DrFE)                        Turns: 9386, Time: 00:17:03

Health: -5/89      AC: 11    Str: 11    XL:     10   Next: 34%
Magic:  16/18      EV: 14    Int: 19    God:    Vehumet [*.....]
Gold:   657        SH:  0    Dex: 11    Spells: 1/19 levels left

rFire    . . .     SeeInvis .   c - +2 dagger (venom)
rCold    . . .     Gourm    .   (no shield)
rNeg     . . .     Faith    .   (armour unavailable)
rPois    +         Spirit   .   (helmet restricted)
rElec    .         Reflect  .   i - +2 cloak
rCorr    +         Harm     .   (no gloves)
MR       .....                  (no boots)
Stlth    ++........             (no amulet)
HPRegen  0.24/turn              q - +1 ring of protection
MPRegen  0.16/turn              e - ring of poison resistance

@: short of breath, hasted, very quick
A: spit acid, unfitting armour, talons 1, cold-blooded, acid resistance, AC +7
a: Breathe Acid, Renounce Religion


You were on level 9 of the Dungeon.
You worshipped Vehumet.
Vehumet was aware of your devotion.
You were hungry.

You visited 2 branches of the dungeon, and saw 12 of its levels.
You also visited: Sewer and Ossuary.

You collected 657 gold pieces.

Inventory:

Hand Weapons
 a - a +0 blowgun
 c - a +2 dagger of venom (weapon)
 g - a -2 lajatang
Missiles
 d - 21 poisoned needles
Armour
 i - a +2 cloak (worn)
Jewellery
 e - a ring of poison resistance (right hand)
 p - an uncursed ring of ice
 q - a +1 ring of protection (left hand)
Wands
 f - a wand of digging (13)
Scrolls
 n - 4 scrolls of identify
 r - a scroll of remove curse
Potions
 l - a potion of cancellation
Comestibles
 b - 4 rations
 j - 13 chunks of flesh


   Skills:
 * Level 8.3 Fighting
 + Level 5.0 Dodging
 - Level 1.7 Stealth
 + Level 5.4 Spellcasting
 * Level 7.8 Conjurations
 * Level 8.3 Fire Magic


You had one spell level left.
You knew the following spells:

 Your Spells              Type           Power        Failure   Level  Hunger
a - Flame Tongue          Conj/Fire      #####        1%          1    None
b - Throw Flame           Conj/Fire      #####.       1%          2    None
c - Fireball              Conj/Fire      #####.....   12%         5    #####..
d - Regeneration          Chrm/Necr      #.........   34%         3    ##.....
e - Sticky Flame          Conj/Fire      #####...     4%          4    ####...
f - Vampiric Draining     Necr           #.........   34%         3    ##.....

Your spell library contained the following spells:

 Spells                   Type           Power        Failure   Level  Hunger
 Sandblast                Erth           #.....       12%         1    None
 Animate Skeleton         Necr           N/A          12%         1    None
 Pain                     Necr           #...         12%         1    None
 Conjure Flame            Conj/Fire      #####...     1%          3    ##.....
 Inner Flame              Hex/Fire       ###.....     6%          3    ##.....
 Animate Dead             Necr           N/A          75%         4    ####...


Dungeon Overview and Level Annotations

Branches:
Dungeon (11/15)            Temple (1/1) D:7            Lair (0/6) D:11
    Orc (0/2) D:9

Altars:
Ashenzari
Cheibriados
Dithmenos
Elyvilon
Fedhas
Hepliaklqana
Kikubaaqudgha
Makhleb
Nemelex Xobeh
Okawaru
Ru
Sif Muna
Trog
Uskayaw
Vehumet
Wu Jian
Xom
Yredelemnul
Zin

Annotations:
D:11 Urug


Innate Abilities, Weirdness & Mutations

You can spit globs of acid.
Your golden yellow scales are hard. (AC +7)
You cannot fit into any form of body armour.
You are cold-blooded and may be slowed by cold attacks.
You are resistant to acid. (rCorr)
You have sharp toenails.


Message History

Unknown command.
You feel yourself speed up. The wyvern bites you.
* * * LOW HITPOINT WARNING * * *
The orc closely misses you. The orc warrior closely misses you.
Unknown command.
You kill the orc warrior!
Vehumet accepts your kill.
You feel your power returning. The wyvern closely misses you.
Evoke which item? (* to show all) (? for menu, Esc to quit)
Okay, then.
Okay, then.
Okay, then.
Press: ? - help, Shift-Dir - straight line, f - wyvern
Aim: a wyvern You spit a glob of acid.
The glob of acid hits the wyvern!
The wyvern is splashed with acid.
The acid corrodes the wyvern!
The wyvern is heavily wounded.
The wyvern is splashed with acid.
You feel somewhat more hungry. The wyvern bites you!
You die...

#...#...........# .#......##
#...#..<........#... #..###'##
#...'...........'.. .##..##..##
#...#...........#.. .##.......#
#...#...........#'###...#......##
#...#..).#######....#...#......#
#...#....#.._..#....'...#......#
#...#..o.#.....#....# #......#
#.<.#....#.....#@...######'###'#.
#...#....####..l.................
#.....oo...#####.............
#..........# #.............
#..........# #.............
#..........# #.............
#..........# #....####.....
#....#)##### ###### .....
#....#)).# .....


You could see a wyvern and 2 orcs.

Vanquished Creatures
  A two-headed ogre (D:10)
  Pikel (D:6)
  Prince Ribbit (D:5)
  A hippogriff (D:9)
  Sigmund (D:5)
  A hungry ghost (D:7)
  Edmund (D:6)
  A water moccasin (D:5)
  2 slaves (D:6)
  2 sky beasts
  2 phantoms
  An ice beast (D:10)
  5 orc warriors
  A centaur (D:5)
  A gnoll sergeant (D:9)
  A big kobold (Sewer)
  3 bullfrogs
  3 scorpions
  4 killer bees
  5 howler monkeys
  3 crimson imps
  3 quasits
  2 bullfrog zombies
  6 hounds
  A human zombie (Ossuary)
  A bullfrog skeleton (D:5)
  2 jellies
  4 orc priests
  Crazy Yiuf (D:5)
  A centaur skeleton (D:7)
  An iguana (D:7)
  6 orc wizards
  4 worker ants
  2 big kobold zombies (Ossuary)
  A hound skeleton (D:4)
  2 mummies (Ossuary)
  A worker ant zombie (D:9)
  Robin (D:2)
  8 gnolls
  8 adders
  2 river rats (Sewer)
  4 adder skeletons
  An adder zombie (D:7)
  6 worms
  3 dart slugs
  3 leopard geckos
  15 orcs
  4 ball pythons (D:4)
  6 bats
  6 giant cockroaches
  A gnoll zombie (Ossuary)
  17 goblins
  6 hobgoblins
  12 jackals
  4 quokkas
  A ball python skeleton (D:4)
  2 frilled lizards
  A giant cockroach zombie (D:5)
  3 goblin zombies (Ossuary)
  5 hobgoblin zombies (Ossuary)
  12 kobolds
  2 orc zombies (Ossuary)
  2 quokka skeletons (D:4)
  2 quokka zombies (D:7)
  10 rats
226 creatures vanquished.

Vanquished Creatures (collateral kills)
  A two-headed ogre (D:10)
1 creature vanquished.

Vanquished Creatures (others)
  A hornet (D:11)
  2 slaves (D:6)
3 creatures vanquished.

Grand Total: 230 creatures vanquished

Notes
Turn   | Place    | Note
-------+----------+-------------------------------------------
     0 | D:1      | Amplified the Draconian Fire Elementalist began the quest
                  | for the Orb.
     0 | D:1      | Reached XP level 1. HP: 14/14 MP: 3/3
   161 | D:1      | Reached XP level 2. HP: 20/22 MP: 3/5
   212 | D:1      | Reached skill level 1 in Fighting
   518 | D:2      | Learned a level 2 spell: Throw Flame
   530 | D:2      | Reached XP level 3. HP: 22/28 MP: 2/6
  1171 | D:2      | Noticed Robin
  1190 | D:2      | Killed Robin
  1190 | D:2      | Reached XP level 4. HP: 29/35 MP: 1/7
  1628 | D:2      | Found an ancient bone altar of Kikubaaqudgha.
  1867 | D:3      | Reached XP level 5. HP: 34/41 MP: 4/9
  2579 | D:4      | Reached XP level 6. HP: 43/50 MP: 10/10
  2724 | D:4      | Found a shadowy altar of Dithmenos.
  2854 | D:4      | Found a sacrificial altar of Ru.
  2988 | D:4      | Found a blossoming altar of Fedhas.
  3288 | D:5      | Entered Level 5 of the Dungeon
  3393 | D:5      | Found a runed translucent door.
  3394 | D:5      | Noticed Crazy Yiuf
  3429 | D:5      | Killed Crazy Yiuf
  3457 | D:5      | Noticed a water moccasin
  3465 | D:5      | Killed a water moccasin
  3465 | D:5      | Your scales start taking on a golden yellow colour.
  3465 | D:5      | Reached XP level 7. HP: 35/58 MP: 11/11
  3465 | D:5      | Gained mutation: You are resistant to acid. (rCorr) [Yellow
                  | Draconian growth]
  3592 | D:5      | Identified a scroll of acquirement
  3748 | D:5      | Noticed Prince Ribbit
  3759 | D:5      | Killed Prince Ribbit
  3759 | D:5      | Reached skill level 5 in Fire Magic
  4014 | D:5      | Learned a level 5 spell: Fireball
  4018 | D:5      | Learned a level 3 spell: Regeneration
  4294 | D:5      | Noticed Sigmund
  4301 | D:5      | Killed Sigmund
  4301 | D:5      | Reached XP level 8. HP: 61/67 MP: 13/13
  4632 | D:6      | Found a sparkling altar of Nemelex Xobeh.
  4651 | D:6      | Reached skill level 5 in Fighting
  4736 | D:6      | Noticed Pikel
  4744 | D:6      | Reached skill level 5 in Conjurations
  4759 | D:6      | Gained mutation: Your spells are a little easier to cast,
                  | but a little less powerful. [potion of mutation]
  4759 | D:6      | Lost mutation: Your spells are a little easier to cast, but
                  | a little less powerful. [potion of mutation]
  4759 | D:6      | Gained mutation: You have sharp toenails. [potion of
                  | mutation]
  4789 | D:6      | Killed Pikel
  4836 | D:6      | Noticed Edmund
  4867 | D:6      | Killed Edmund
  4885 | D:6      | Reached XP level 9. HP: 31/75 MP: 15/15
  5048 | D:6      | Found an iron altar of Okawaru.
  5259 | D:6      | Found a glowing drain.
  5270 | Sewer    | Entered a sewer
  5646 | Sewer    | Found a white marble altar of Elyvilon.
  6325 | D:7      | Found a deep blue altar of Sif Muna.
  6425 | D:7      | Found a sand-covered staircase.
  6433 | Ossuary  | Entered an ossuary
  6547 | Ossuary  | Learned a level 4 spell: Sticky Flame
  6718 | D:7      | Found a staircase to the Ecumenical Temple.
  6755 | Temple   | Entered the Ecumenical Temple
  6851 | Temple   | Became a worshipper of Vehumet
  7561 | D:7      | Found a hazy altar of Hepliaklqana.
  7680 | D:8      | You fall through a shaft!
  7733 | D:10     | Entered Level 10 of the Dungeon
  7733 | D:10     | Noticed a two-headed ogre
  7733 | D:10     | Noticed a two-headed ogre
  7764 | D:10     | Killed a two-headed ogre
  7764 | D:10     | Reached skill level 5 in Spellcasting
  7769 | D:10     | Killed a two-headed ogre
  7769 | D:10     | Reached XP level 10. HP: 29/88 MP: 17/17
  8282 | D:11     | Noticed an elephant
  8283 | D:11     | Noticed a two-headed ogre
  8291 | D:11     | Noticed Urug
  8307 | D:11     | Found a staircase to the Lair.
  8556 | D:9      | Found a staircase to the Orcish Mines.
  8890 | D:9      | Learned a level 3 spell: Vampiric Draining
  8935 | D:9      | Reached skill level 5 in Dodging
  9207 | D:9      | Reached * piety under Vehumet
  9207 | D:9      | Offered knowledge of Sandblast by Vehumet.
  9283 | D:9      | Found a glowing silver altar of Zin.
  9386 | D:9      | Slain by a wyvern

Skill      XL: |  1  2  3  4  5  6  7  8  9 10 |
---------------+-------------------------------+-----
Fighting       | 1 2 3 4 6 7 8 |  8.3
Dodging        | 2 3 4 5 |  5.0
Conjurations   | 2 3 4 5 7 |  7.8
Fire Magic     | 4 5 6 7 8 |  8.3
Spellcasting   | 3 4 5 |  5.4
Stealth        | |  1.7

Action                   |  1- 3 |  4- 6 |  7- 9 | 10-12 || total
-------------------------+-------+-------+-------+-------++-------
Melee: Unarmed           |    11 |       |       |       ||    11
       Dagger            |    34 |   164 |   291 |    77 ||   566
       Tailslap          |     5 |    17 |    41 |    19 ||    82
       Kick              |       |       |    87 |    28 ||   115
       Lajatang          |       |       |   138 |    62 ||   200
 Fire: Blowgun           |       |       |       |     2 ||     2
 Cast: Flame Tongue      |    38 |    14 |       |     1 ||    53
       Throw Flame       |     2 |       |       |       ||     2
       Sticky Flame      |       |       |     4 |    22 ||    26
       Fireball          |       |       |     2 |     1 ||     3
       Regeneration      |       |       |       |     3 ||     3
       Vampiric Draining |       |       |       |     1 ||     1
 Abil: Breathe Acid      |       |       |     4 |     1 ||     5
Evoke: Wand              |       |     4 |    26 |     2 ||    32
  Use: Potion            |     3 |     1 |    16 |     5 ||    25
       Scroll            |     4 |     6 |    11 |       ||    21
 Stab: Sleeping          |     1 |     3 |     1 |       ||     5
       Paralysed         |       |     1 |       |       ||     1
  Eat: Chunk             |     1 |     6 |     3 |     1 ||    11
       Ration            |       |     2 |     8 |     2 ||    12
Armor: Skin              |    12 |    56 |   200 |    72 ||   340
Dodge: Dodged            |    31 |    80 |   409 |   185 ||   705
